 Dungeon Crawl Stone Soup version 0.31-a0-986-g5e6e4ef867 (webtiles) character file.

Game seed: 11256703525838023722

80 Frost42 the Trooper (level 4, -1/40 HPs)
             Began as a Minotaur Berserker on Nov 8, 2023.
             Was a Believer of Trog.
             Slain by Pikel
             ... wielding a +1 whip of electrocution
              (19 damage)
             ... on level 4 of the Dungeon on Nov 9, 2023.
             The game lasted 00:16:19 (3671 turns).

Frost42 the Trooper (Minotaur Berserker)            Turns: 3671, Time: 00:16:20

Health: -1/40      AC:  5    Str: 23    XL:     4   Next: 18%
Magic:  3/3        EV: 16    Int:  4    God:    Trog [**....]
Gold:   138        SH:  0    Dex: 10    Spells: 3/3 levels left

rFire   . . .        a - +1 spear
rCold   . . .        (no shield)
rNeg    . . .        h - +0 ring mail
rPois   .            (helmet restricted)
rElec   .            (no cloak)
rCorr   .            (no gloves)
SInv    .            (no boots)
Will    .....        (no amulet) Stlth
                     m - +5 ring of evasion
HPRegen 0.26/turn    (no ring)
MPRegen 0.08/turn

%: no passive effects
@: no status effects
A: horns 2, retaliatory headbutt
a: Renounce Religion, Berserk, Trog's Hand


You were on level 4 of the Dungeon.
You worshipped Trog.
Trog was pleased with you.
You visited 1 branch of the dungeon, and saw 4 of its levels.

You collected 138 gold pieces.

Inventory:

Hand Weapons
 a - a +1 spear (weapon)
 k - a +2 dagger of venom
 q - a +0 long sword
Missiles
 g - a javelin (quivered)
 l - 6 boomerangs
Armour
 h - a +0 ring mail (worn)
Jewellery
 m - a +5 ring of evasion (left hand)
Talismans
 c - a dragon-blood talisman
 i - a storm talisman
Scrolls
 b - 2 scrolls of fog
 e - 3 scrolls of teleportation
 j - a scroll of identify
 n - a scroll of poison
Potions
 d - a potion of magic {unknown}
 f - 5 potions of curing
 o - a potion of attraction {unknown}
 p - 3 potions of might {unknown}


   Skills:
 + Level 4.2 Fighting
 + Level 4.2 Polearms
 * Level 3.9 Armour
 + Level 3.0 Dodging


You had 3 spell levels left.
You didn't know any spells.
Your spell library was empty.

Dungeon Overview and Level Annotations

Branches:
Dungeon (4/15)
 Temple: D:4-7

Altars:
Xom

Annotations:
D:4 Ijyb, Pikel


Innate Abilities, Weirdness & Mutations

You have a pair of horns on your head.
You reflexively headbutt those who attack you in melee.


Message History

Press: ? - help, Q - select action, (/) - cycle Shift-Dir - straight line, f - Pikel
Aim: Pikel, wielding a +1 whip of electrocution and wearing a +2 robe of resistance (wandering, hasn't noticed you, 45% to hit)
You throw a javelin. The javelin barely misses Pikel.
Throw: 2 javelins
Press: ? - help, Q - select action, (/) - cycle Shift-Dir - straight line, f/p - Pikel
Aim: Pikel, wielding a +1 whip of electrocution and wearing a +2 robe of resistance (45% to hit)
You throw a javelin. The javelin closely misses Pikel.
Throw: javelin
Press: ? - help, Q - select action, (/) - cycle Shift-Dir - straight line, f - you
Okay, then.
You see here a goblin corpse.
A lemure comes into view.
The lemure shouts!
You hear a shout! x3
Pikel attacks as he pursues you!
Pikel hits you with a +1 whip of electrocution.
You see here a +0 dagger.
You hit Pikel but do no damage. Your headbutt misses Pikel.
Pikel waves his whip at you.
Pikel hits you with a +1 whip of electrocution.
You closely miss Pikel. Your headbutt misses Pikel. You closely miss Pikel.
Your headbutt misses Pikel.
Pikel hits you with a +1 whip of electrocution.
You closely miss Pikel.
The lemure shouts!
Your headbutt misses Pikel. Pikel hits you but does no damage.
You hit Pikel but do no damage. You headbutt Pikel.
Pikel is lightly wounded.
Pikel misses you. The lemure hits you! Pikel hits you but does no damage.
The lemure attacks as it pursues you! The lemure closely misses you.
Pikel attacks as he pursues you!
Pikel hits you with a +1 whip of electrocution.
Pikel barely misses you. The lemure attacks as it pursues you!
The lemure barely misses you. The lemure attacks as it pursues you!
The lemure closely misses you. Pikel attacks as he pursues you!
Pikel hits you with a +1 whip of electrocution.
You are electrocuted!!
You die...
Pikel says, "See you in Hell!"

##.)...#...##
#.....##...##
#...........#
##....<......# ##
#....#..######
##.###...#...#
##...........5####
..........)..5...##
............5.K@..#
(5..........5.#...##
..........)...#....#
....5#.....†.#....##
.....#...######...#
. #....†.# ##..#
#......# ####
#......## .......##


You could see Pikel and 4 lemures.

Vanquished Creatures
  An adder (D:2)
  A worm (D:3)
  An orc (D:4)
  3 bats
  3 endoplasms
  4 giant cockroaches
  8 goblins
  8 hobgoblins
  3 jackals (D:1)
  5 quokkas
  3 ball pythons
  6 frilled lizards
  8 kobolds
  8 rats
62 creatures vanquished.

Notes
Turn   | Place    | Note
-------+----------+-------------------------------------------
     0 | D:1      | Frost42 the Minotaur Berserker began the quest for the Orb.
     0 | D:1      | Reached XP level 1. HP: 19/19 MP: 0/0
   157 | D:1      | Reached XP level 2. HP: 26/27 MP: 1/1
   450 | D:1      | Found a faded altar of an unknown god.
   613 | D:1      | Reached XP level 3. HP: 31/33 MP: 2/2
   618 | D:1      | Reached ** piety under Trog
  2532 | D:3      | Reached XP level 4. HP: 40/40 MP: 3/3
  2792 | D:3      | Found a shimmering altar of Xom.
  3513 | D:4      | Noticed a lemure
  3513 | D:4      | Noticed a lemure
  3514 | D:4      | Noticed a lemure
  3515 | D:4      | Noticed Ijyb
  3650 | D:4      | Noticed Pikel
  3658 | D:4      | Noticed a lemure
  3671 | D:4      | Slain by Pikel

Illustrated notes

Levels and vault maps discovered:
D:1:      minmay_arrival_up_and_down, layout_loops_cross,
          shapermc_ecumenical_altar_venn, grunt_decor_arrowhead
D:2:      layout_loops_ring, moated_statue,
          hangedman_abyss_or_decor_lesser_grid, grunt_ministairs_14,
          lexackson_kobold_supper
D:3:      layout_basic, lemuel_tele_altar, minmay_crystal_water,
          serial_bayou_lagoon_a
D:4:      layout_cave_pools, serial_shops, kennysheep_mini_moat, uniq_pikel,
          uniq_ijyb

Skill      XL: |  1  2  3  4 |
---------------+-------------+-----
Armour         | 3 |  3.9
Fighting       | 4 |  4.2
Polearms       | 4 |  4.2
Dodging        | 3 |  3.0

Action                     |  1- 3 |  4- 6 || total
---------------------------+-------+-------++-------
  Melee: Spear             |   335 |    25 ||   360
         Headbutt          |    89 |     5 ||    94
         Punch             |     6 |       ||     6
  Throw: Stone             |    11 |     4 ||    15
         Boomerang         |       |     6 ||     6
         Javelin           |       |     2 ||     2
    Use: Scroll            |     6 |     3 ||     9
 Armour: Animal skin       |    18 |       ||    18
         Leather armour    |     8 |       ||     8
         Ring mail         |    58 |    14 ||    72
  Dodge: Dodged            |    76 |    17 ||    93

Table legend: (Time is in decaauts)
 A = Elapsed time spent in this place.
 B = Non-inter-level travel time spent in this place.
 C = Inter-level travel time spent in this place.
 D = Time resting spent in this place.
 E = Time spent auto-exploring this place.
 F = Levels seen in this place.
 G = Mean time per level.
                   A        B        C        D        E       F      G
               +--------+--------+--------+--------+--------+-----+--------+
         Total |   3657 |   3258 |    399 |      0 |   1121 |   4 |  914.2 |
       Dungeon |   3657 |   3258 |    399 |      0 |   1121 |   4 |  914.2 |
               +--------+--------+--------+--------+--------+-----+--------+

Top non-repeatable levels by time:
     D:2: 1488 daAuts
     D:3: 1125 daAuts
     D:1: 932 daAuts
     D:4: 111 daAuts
